 Dungeon Crawl Stone Soup version 0.17-a0-72-gd614ac0 (webtiles) character file.

1262 Chiseanne the Magician (level 8, -9/46 HPs)
             Began as an Octopode Wizard on Mar 13, 2015.
             Was an Initiate of Gozag.
             Hit by a tomahawk thrown by an orc warrior (18 damage)
             ... on level 6 of the Dungeon.
             The game lasted 00:16:29 (6172 turns).

Chiseanne the Magician (Octopode Wizard)            Turns: 6172, Time: 00:16:29

Health: -9/46      AC:  2    Str:  8    XL:     8   Next: 52%
Magic:  17/23      EV: 13    Int: 20    God:    Gozag
Gold:   259        SH:  0    Dex: 11    Spells: 8 memorised, 1 level left

rFire  . . .     SeeInvis .     a - +4 scythe (flame)
rCold  . . .     Clarity  .     (no shield)
rNeg   . . .     SustAb   .     b - +1 hat
rPois  .         Gourm    .     (no amulet)
rElec  .         Spirit   .     (no ring)
rCorr  .         Warding  .     (no ring)
rMut   .         Stasis   .     (no ring)
MR     .....                    (no ring)
Stlth  +++.......               (no ring)
                                (no ring)
                                (no ring)
                                (no ring)

@: not resistant to hostile enchantments, fairly stealthy
A: almost no armour, amphibious, 8 rings, constrict 8, camouflage 1, gelatinous
body 1
a: Potion Petition, Call Merchant, Bribe Branch, Renounce Religion


You were on level 6 of the Dungeon.
You worshipped Gozag.
Gozag was noncommittal.
You were full.

You visited 2 branches of the dungeon, and saw 7 of its levels.

You collected 369 gold pieces.
You paid 110 gold pieces to Gozag.

Inventory:

Hand weapons
 a - a +4 scythe of flaming (weapon)
Missiles
 f - 61 bolts
 k - 24 sling bullets
 o - 25 poisoned needles
 r - 42 arrows
 w - 4 needles of sleeping
 y - 3 javelins
 B - 2 tomahawks (quivered)
 D - 19 arrows of frost
 E - 6 tomahawks of dispersal
Armour
 b - a +1 hat (worn)
Jewellery
 i - an uncursed amulet of stasis
Magical devices
 A - a wand of flame (27)
Scrolls
 n - 5 scrolls of teleportation
Potions
 e - a potion of invisibility
 h - a potion of heal wounds
 l - a potion of might
 q - 3 potions of haste
 s - a potion of brilliance
 u - a potion of berserk rage
 v - a potion of magic {unknown}
 x - 6 potions of curing
 z - a potion of degeneration {unknown}
 C - a potion of agility {unknown}
Books
 c - a book of Minor Magic

   Spells                             Type                      Level
   a - Magic Dart                     Conjuration                  1
   b - Blink                          Translocation                2
   c - Call Imp                       Summoning                    2
   d - Repel Missiles                 Charms/Air                   2
   e - Slow                           Hexes                        2
   f - Conjure Flame                  Conjuration/Fire             3
   g - Mephitic Cloud                 Conjuration/Poison/Air       3
 p - a book of Conjurations

   Spells                             Type                      Level
   a - Magic Dart                     Conjuration                  1
   b - Searing Ray                    Conjuration                  2
   c - Dazzling Spray                 Conjuration/Hexes            3
   d - Fulminant Prism                Conjuration/Hexes            4
   e - Iskenderun's Mystic Blast      Conjuration                  4
   f - Iskenderun's Battlesphere      Conjuration/Charms           5
Comestibles
 d - 4 bread rations
 g - 2 beef jerkies
 j - 5 fruits
 m - 3 meat rations
 t - a slice of pizza


   Skills:
 * Level 4.1 Dodging
 - Level 2.6 Stealth
 * Level 7.4 Spellcasting
 * Level 5.7 Conjurations
   Level 1.0 Summonings
 - Level 1.0 Translocations


You had one spell level left.
You knew the following spells:

 Your Spells              Type           Power        Failure   Level  Hunger
a - Magic Dart            Conj           ####         1%          1    None
b - Blink                 Tloc           N/A          12%         2    None
c - Repel Missiles        Chrm/Air       #.....       17%         2    None
d - Conjure Flame         Conj/Fire      ###.....     10%         3    #......
e - Mephitic Cloud        Conj/Pois/Air  ###.....     14%         3    #......
f - Searing Ray           Conj           ####..       1%          2    None
g - Dazzling Spray        Conj/Hex       ###.....     10%         3    #......
h - Iskenderun's Mystic   Conj           ####....     10%         4    ###....


Dungeon Overview and Level Annotations

Branches:
Dungeon (6/15)             Temple (1/1) D:5

Altars:
Ashenzari
Cheibriados
Elyvilon
Fedhas
Gozag
Makhleb
Nemelex Xobeh
Okawaru
Qazlal
Ru
Sif Muna
Trog
Vehumet
Xom
Yredelemnul
Zin


Innate Abilities, Weirdness & Mutations

You cannot wear most types of armour.
You are amphibious.
You can wear up to eight rings at the same time.
You can use your tentacles to constrict many enemies at once.
Your skin changes colour to match your surroundings (Stealth).
Your rubbery body absorbs attacks (AC +1).


Message History

You reach to attack!
You closely miss the orc warrior.
The adder skeleton is no longer distracted by gold.
The orc warrior throws a tomahawk.
The tomahawk misses you.
Attack whom?
Press: ? - help, Dir - move target cursor, f/p - orc warrior
Aim: an orc warrior, wielding a war axe and wearing a plate armour You reach to attack!
You hit the orc warrior but do no damage.
The orc warrior throws a tomahawk.
The tomahawk hits you!
The orc warrior throws a tomahawk.
The tomahawk closely misses you.
Attack whom?
Press: ? - help, Dir - move target cursor, f/p - orc warrior
Aim: an orc warrior, wielding a war axe and wearing a plate armour You reach to attack!
You barely miss the orc warrior.
The orc warrior throws a tomahawk.
The tomahawk hits you!
The orc warrior throws a tomahawk.
The tomahawk hits you!
* * * LOW HITPOINT WARNING * * *
The orc warrior throws a tomahawk.
The tomahawk hits you!!
You die...
Your body crumbles into a pile of gold.

#..#.# $
#.##.# #.##.#
#########.##.#
#........^##.#
..#######.#
##.##
#...#######..
#(.@(§oooZo.#
#...#######.#
#####


You could see an orc warrior, 3 orcs and an adder skeleton.

Vanquished Creatures
  A hippogriff (D:3)
  2 ogres
  A sky beast (D:4)
  The ghost of Antondotnet the Chopper, an average MiGl (D:3)
  A phantom (D:4)
  Sigmund (D:4)
  A goliath beetle (D:5)
  2 orc priests
  A hound (D:4)
  An orc wizard (D:3)
  8 worker ants
  An iguana (D:4)
  A worker ant zombie (D:5)
  3 hound skeletons
  3 gnolls (D:4)
  A giant mite (D:5)
  6 adders
  3 giant geckos
  6 orcs
  13 giant cockroaches
  6 goblins
  2 hobgoblins
  3 jackals (D:2)
  A quokka (D:3)
  3 ball pythons
  11 bats
  A giant gecko skeleton (D:4)
  2 giant newts (D:1)
  12 kobolds
  13 rats
111 creatures vanquished.

Vanquished Creatures (collateral kills)
  A killer bee (D:5)
  A scorpion (D:5)
  A giant mite (D:5)
3 creatures vanquished.

Grand Total: 114 creatures vanquished

Notes
Turn   | Place    | Note
--------------------------------------------------------------
     0 | D:1      | Chiseanne, the Octopode Wizard, began the quest for the Orb.
     0 | D:1      | Reached XP level 1. HP: 11/11 MP: 4/4
   226 | D:1      | Reached XP level 2. HP: 15/17 MP: 0/6
  1124 | D:2      | Reached XP level 3. HP: 21/21 MP: 4/8
  1866 | D:2      | Reached skill level 4 in Spellcasting
  2247 | D:3      | Noticed an ogre
  2258 | D:3      | Killed an ogre
  2258 | D:3      | Reached XP level 4. HP: 27/27 MP: 2/11
  2258 | D:3      | Reached XP level 5. HP: 31/31 MP: 2/13
  2383 | D:4      | Noticed Sigmund
  2388 | D:4      | Killed Sigmund
  2696 | D:3      | Reached skill level 5 in Spellcasting
  2701 | D:3      | Reached XP level 6. HP: 31/36 MP: 17/17
  2705 | D:3      | Learned a level 2 spell: Blink
  2708 | D:3      | Learned a level 2 spell: Repel Missiles
  2712 | D:3      | Learned a level 3 spell: Conjure Flame
  2716 | D:3      | Learned a level 3 spell: Mephitic Cloud
  2884 | D:3      | Noticed a hippogriff
  2887 | D:3      | Killed a hippogriff
  3100 | D:3      | Reached XP level 7. HP: 41/41 MP: 13/19
  3198 | D:3      | Noticed Antondotnet's ghost (average MiGl)
  3215 | D:3      | Killed Antondotnet's ghost
  3584 | D:4      | Learned a level 2 spell: Searing Ray
  3588 | D:4      | Learned a level 3 spell: Dazzling Spray
  3763 | D:4      | Found a burning altar of Makhleb.
  3874 | D:4      | Noticed a sky beast
  3889 | D:4      | Killed a sky beast
  3889 | D:4      | Reached skill level 6 in Spellcasting
  4608 | D:4      | Reached XP level 8. HP: 33/46 MP: 13/22
  4835 | D:4      | Learned a level 4 spell: Iskenderun's Mystic Blast
  4865 | D:5      | Entered Level 5 of the Dungeon
  4897 | D:5      | Found a staircase to the Ecumenical Temple.
  4907 | Temple   | Entered the Ecumenical Temple
  5037 | D:5      | Reached skill level 5 in Conjurations
  5309 | D:5      | Found a runed door.
  5324 | D:5      | Found a runed door.
  5406 | D:5      | Found a deep blue altar of Sif Muna.
  5406 | D:5      | Found an opulent altar of Gozag.
  5406 | D:5      | Found a sacrificial altar of Ru.
  5414 | D:5      | Became a worshipper of Gozag Ym Sagoz the Greedy
  5590 | D:5      | Found a snail-covered altar of Cheibriados.
  5791 | D:5      | Reached skill level 7 in Spellcasting
  6006 | D:6      | Found a white marble altar of Elyvilon.
  6172 | D:6      | Hit by a tomahawk thrown by an orc warrior

Action                   |  1- 3 |  4- 6 |  7- 9 || total
-------------------------+-------+-------+-------++-------
Melee: Short sword       |    12 |     5 |       ||    17
       Unarmed           |     1 |       |       ||     1
       Scythe            |       |     9 |    32 ||    41
 Cast: Magic Dart        |   108 |    22 |   145 ||   275
       Conjure Flame     |       |     1 |     6 ||     7
       Dazzling Spray    |       |       |     2 ||     2
       Mephitic Cloud    |       |       |     3 ||     3
  Use: Scroll            |       |     8 |     9 ||    17
 Stab: Sleeping          |     2 |     1 |     1 ||     4
  Eat: Chunk             |     3 |     3 |     7 ||    13
       Fruit             |       |       |     9 ||     9
